 Dungeon Crawl Stone Soup version 0.31.0-9-g3a7656b989 (webtiles) character file.

Game seed: 1194281577783944860

1940 Chiseanne the Trooper (level 8, -2/64 HPs)
             Began as a Demonspawn Wanderer on Jan 31, 2024.
             Was an Initiate of Gozag.
             Slain by a gnoll
             ... wielding a +2 heavy halberd
             ... led by a gnoll bouda
              (17 damage)
             ... on level 6 of the Dungeon.
             The game lasted 00:21:22 (6218 turns).

Chiseanne the Trooper (Demonspawn Wanderer)         Turns: 6218, Time: 00:21:23

Health: -2/64      AC: 12    Str: 11    XL:     8   Next: 98%
Magic:  9/9        EV: 12    Int: 15    God:    Gozag
Gold:   670        SH:  6    Dex: 15    Spells: 9/9 levels left

rFire   . . .        a - +2 spear (flame)
rCold   . . .        c - +1 buckler
rNeg    . . .        g - +0 ring mail
rPois   +            n - +2 helmet
rElec   .            l - +0 cloak
rCorr   .            (no gloves)
SInv    .            (no boots)
Will    .....        q - amulet "Woaxi" {Acrobat rPois Int+3 Dex-2}
Stlth   +            b - ring of flight
HPRegen 0.30/turn    e - ring of poison resistance
MPRegen 0.11/turn

%: acrobat
@: flying
A: molten scales 1, ignite blood 1, demonic magic 2, demonic touch 1
a: Renounce Religion, Potion Petition, Call Merchant, Bribe Branch


You were on level 6 of the Dungeon.
You worshipped Gozag.
Gozag was pleased with you.
You visited 2 branches of the dungeon, and saw 7 of its levels.

You collected 772 gold pieces.
You paid 102 gold pieces to Gozag.

Inventory:

Hand Weapons
 a - a +2 spear of flaming (weapon)
Missiles
 m - 9 poisoned darts (quivered)
 p - 4 boomerangs
 x - 3 throwing nets
 D - 3 stones
Armour
 c - a +1 buckler (worn)
 g - a +0 ring mail (worn)
 l - a +0 cloak (worn)
 n - a +2 helmet (worn)
 F - an orb of guile
Jewellery
 b - a ring of flight (left hand)
 e - a ring of poison resistance (right hand)
 q - the amulet "Woaxi" (around neck) {Acrobat rPois Int+3 Dex-2}
   (You found it on level 3 of the Dungeon)

   [amulet of the acrobat]

   Acrobat:   It increases your evasion while moving and waiting.
   Int+3:     It affects your intelligence (+3).
   Dex-2:     It affects your dexterity (-2).
   rPois:     It protects you from poison
 s - an amulet of regeneration
 u - a ring of ice
 C - a +6 ring of strength
Talismans
 A - a beast talisman
Wands
 B - a wand of charming (11)
 E - a wand of flame (7)
Scrolls
 j - 3 scrolls of teleportation
 k - a scroll of fog
 o - 3 scrolls of revelation
 y - 2 scrolls of immolation
Potions
 d - 2 potions of lignification
 f - a potion of resistance {unknown}
 h - 8 potions of curing
 i - a potion of enlightenment {unknown}
 r - a potion of might {unknown}
 t - a potion of ambrosia {unknown}
 v - 2 potions of berserk rage {unknown}
 z - a potion of heal wounds


   Skills:
 * Level 6.1 Fighting
 - Level 1.7(2.1) Polearms
 - Level 1.7(2.1) Staves
 * Level 5.1 Armour
 * Level 5.1 Dodging
 - Level 1.0 Stealth
 * Level 5.6 Shields
 - Level 1.0 Spellcasting


You had 9 spell levels left.
You didn't know any spells.
Your spell library contained the following spells:

 Spells                   Type           Power      Damage    Failure   Level
 Foxfire                  Conj/Fire      0%         2x1d4     58%         1
 Kiss of Death            Conj/Necr      0%         2d5       58%         1
 Magic Dart               Conj           0%         1d3       58%         1
 Blink                    Tloc           0%         N/A       73%         2
 Call Imp                 Summ           0%         N/A       73%         2
 Ensorcelled Hibernation  Hex/Ice        0%         N/A       73%         2
 Mercury Vapours          Alch/Air       0%         N/A       73%         2
 Confusing Touch          Hex            0%         N/A       91%         3
 Mephitic Cloud           Conj/Alch/Air  0%         N/A       91%         3
 Passwall                 Erth           0%         N/A       91%         3
 Swiftness                Air            0%         N/A       91%         3
 Dispel Undead            Necr           0%         3d6       100%        4
 Freezing Cloud           Conj/Ice/Air   0%         6-21      100%        5
 Plasma Beam              Fire/Air       0%         2x1d10    100%        6
 Starburst                Conj/Fire      0%         6d3       100%        6


Dungeon Overview and Level Annotations

Branches:
Dungeon (6/15)             Temple (1/1) D:5

Altars:
Cheibriados
Gozag
Kikubaaqudgha
Makhleb
Nemelex Xobeh
Ru
Sif Muna
Trog
Uskayaw
Vehumet
Wu Jian
Xom

Shops:
D:1 ?

Annotations:
D:3 exclusion: orc priest
D:5 1 runed translucent door, Crazy Yiuf


Innate Abilities, Weirdness & Mutations

You are partially covered in molten scales. (AC +2)
Your demonic aura sometimes causes spilled blood to erupt in flames.
Spells you cast may paralyse nearby enemies.
Your touch may inflict minor irresistible damage on your foes.


Message History

g - Guard the area. f - Follow me.
Anything else - Cancel.
Gang up on whom?
Press: ? - help, Dir - move target, f - gnoll, p - adder
Aim: a gnoll, wielding a +2 heavy halberd and wearing a +0 chain mail Attack!
Your adder bites the gnoll but does no damage.
The gnoll is no longer distracted by gold.
Your adder barely misses the gnoll.
The gnoll hits your adder with a +2 heavy halberd.
Your adder bites the gnoll but does no damage.
Your adder barely misses the gnoll.
The gnoll hits your adder with a +2 heavy halberd!!
Your adder dies!
You are no longer corroded.
Press: ? - help, v - describe, . - travel
Here: a gnoll, wielding a +2 heavy halberd and wearing a +0 chain mail The floor.
Unknown command.
A gnoll is nearby!
The gnoll misses you. The gnoll closely misses you.
You hit the gnoll but do no damage. You hit the gnoll. You burn the gnoll.
The gnoll is moderately wounded.
The gnoll hits you with a +2 heavy halberd!
You hit the gnoll but do no damage.
The gnoll is moderately wounded.
The gnoll hits you with a +2 heavy halberd!!
* * * LOW HITPOINT WARNING * * *
You hit the gnoll but do no damage.
The gnoll is moderately wounded.
You hit the gnoll. You burn the gnoll.
The gnoll is heavily wounded.
The gnoll closely misses you.
You hit the gnoll but do no damage.
The gnoll is heavily wounded.
The gnoll hits you with a +2 heavy halberd!
You die...
Your body crumbles into a pile of gold.

####################
#....@....#........#
#...g####.#)#......###
#....# #.#<#>........
#....# #)###.########
#....# #...........##
#....# #.###.........
##.###############.##.
#.....g......# #..#.
############.#####...


You could see a gnoll.

Vanquished Creatures
  2 water moccasins
  An ice beast (D:5)
  2 ogres
  3 phantoms
  A bullfrog (D:6)
  3 scorpions
  A crimson imp (D:5)
  4 hounds
  3 jellies (D:6)
  3 gnoll boudas
  5 iguanas
  2 sleepcaps
  2 orc wizards
  Ijyb (D:5)
  16 gnolls
  6 adders
  7 river rats (D:5)
  A shadow imp (D:5)
  3 white imps
  2 dart slugs
  3 ribbon worms
  6 orcs
  6 ball pythons
  9 bats
  5 endoplasms
  5 giant cockroaches
  11 goblins
  5 hobgoblins
  6 jackals
  10 kobolds
  12 quokkas
  2 frilled lizards (D:1)
  22 rats
170 creatures vanquished.

Vanquished Creatures (collateral kills)
  2 orcs (D:4)
2 creatures vanquished.

Vanquished Creatures (others)
  An arcanist (D:3)
  A gnoll (D:5)
  An adder (D:6)
3 creatures vanquished.

Grand Total: 175 creatures vanquished

Notes
Turn   | Place    | Note
-------+----------+-------------------------------------------
     0 | D:1      | Chiseanne the Demonspawn Wanderer began the quest for the
                  | Orb.
     0 | D:1      | Chiseanne set off with the following items: a +2 spear, a
                  | +0 quarterstaff, a +0 buckler, a potion of heal wounds, a
                  | +0 robe.
     0 | D:1      | Reached XP level 1. HP: 16/16 MP: 2/2
    59 | D:1      | Found Buamnuib's Magic Scroll Emporium.
   109 | D:1      | Gained mutation: Spells you cast may paralyse adjacent
                  | enemies. [demonic ancestry]
   109 | D:1      | Reached XP level 2. HP: 8/22 MP: 3/3
   451 | D:1      | Reached skill level 1 in Armour
   451 | D:1      | Reached skill level 1 in Dodging
   514 | D:1      | Gained mutation: You are partially covered in molten
                  | scales. (AC +2) [demonic ancestry]
   514 | D:1      | Reached XP level 3. HP: 23/28 MP: 4/4
   785 | D:2      | Found a faded altar of an unknown god.
   980 | D:2      | Gained mutation: Your touch may inflict minor irresistible
                  | damage on your foes. [demonic ancestry]
   980 | D:2      | Reached XP level 4. HP: 34/34 MP: 5/5
  1144 | D:2      | Found a shimmering altar of Xom.
  1267 | D:2      | Noticed an ogre
  1371 | D:2      | Reached skill level 3 in Fighting
  1619 | D:3      | Gained mutation: Spells you cast may paralyse nearby
                  | enemies. [demonic ancestry]
  1619 | D:3      | Reached XP level 5. HP: 41/41 MP: 6/6
  1661 | D:3      | Found a bloodstained altar of Trog.
  1662 | D:3      | Noticed a wizard
  1668 | D:3      | Killed a wizard
  1770 | D:3      | Identified the amulet "Woaxi" {Acrobat rPois Int+3 Dex-2}
  2552 | D:4      | Noticed a phantom
  2682 | D:4      | Found a snail-covered altar of Cheibriados.
  2735 | D:4      | Found an ancient bone altar of Kikubaaqudgha.
  2756 | D:4      | Reached XP level 6. HP: 40/47 MP: 7/7
  3443 | D:5      | Entered Level 5 of the Dungeon
  3463 | D:5      | Reached skill level 4 in Fighting
  3591 | D:5      | Found a staircase to the Ecumenical Temple.
  3616 | Temple   | Entered the Ecumenical Temple
  3649 | Temple   | Became a worshipper of Gozag Ym Sagoz the Greedy
  3790 | D:5      | Reached XP level 7. HP: 53/54 MP: 8/8
  4491 | D:5      | Noticed Ijyb
  4520 | D:5      | Killed Ijyb
  4862 | D:5      | Reached skill level 5 in Fighting
  4862 | D:5      | Gained mutation: Your demonic aura sometimes causes spilled
                  | blood to erupt in flames. [demonic ancestry]
  4862 | D:5      | Reached XP level 8. HP: 62/62 MP: 9/9
  4918 | D:5      | Found a runed translucent door.
  4919 | D:5      | Noticed Crazy Yiuf
  5587 | D:6      | Reached skill level 5 in Shields
  5981 | D:6      | Reached skill level 6 in Fighting
  5981 | D:6      | Reached skill level 5 in Dodging
  6126 | D:6      | Reached skill level 5 in Armour
  6218 | D:6      | Slain by a gnoll

Illustrated notes

Levels and vault maps discovered:
D:1:      lightli_arrival_statuegarden, layout_loops_ring, serial_shops, shop,
          serial_glass, glass_columns_b, glass_columns_b, glass_columns_c,
          glass_columns_a
D:2:      layout_basic, basic_altar, hellmonk_ecumenical_altar_run_dry
D:3:      layout_loops_corners, trog_wizard, mainiacjoe_overflow_two_lobes
D:4:      layout_basic, old_standard_altar, mainiacjoe_overflow_surrounded_room,
          portal_sewer_entry_b, hangedman_minor_gate_pass
D:5:      lemuel_ratsnest, layout_cave_pods, minmay_temple_entry_hall,
          minmay_fountain_box, chequers_serial_rivers_room_a,
          minmay_fire_ice_demons, uniq_ijyb, uniq_crazy_yiuf_cottage
D:6:      layout_basic, nicolae_dithmenos_the_darkroom, minmay_misc_feat_hallway
Temple:   grunt_temple_mini_profane

Skill      XL: |  1  2  3  4  5  6  7  8 |
---------------+-------------------------+-----
Shields        | 2 3 4 5 |  5.6
Armour         | 1 2 3 4 5 |  5.1
Dodging        | 1 2 3 4 5 |  5.1
Fighting       | 3 4 5 6 |  6.1
Polearms       | |  1.7
Staves         | |  1.7
Stealth        | |  1.0
Spellcasting   | |  1.0

Action                     |  1- 3 |  4- 6 |  7- 9 || total
---------------------------+-------+-------+-------++-------
  Melee: Spear             |   133 |   253 |   430 ||   816
  Throw: Dart              |       |    14 |    18 ||    32
  Evoke: Wand              |       |     2 |     9 ||    11
    Use: Scroll            |     4 |     8 |     2 ||    14
         Potion            |     1 |       |       ||     1
 Armour: Ring mail         |    87 |   150 |   193 ||   430
  Dodge: Dodged            |    57 |   113 |   178 ||   348
  Block: Buckler           |    25 |    49 |   108 ||   182
